 Dungeon Crawl Stone Soup version 0.31-a0-358-gac0dbeb3ab (webtiles) character file.

Game seed: 17519385281108206124

450 Locuples the Slasher (level 6, -5/56 HPs)
             Began as a Minotaur Monk on July 26, 2023.
             Slain by an iguana (12 damage)
             ... on level 4 of the Dungeon.
             The game lasted 00:04:22 (3058 turns).

Locuples the Slasher (Minotaur Monk)                Turns: 3058, Time: 00:04:22

Health: -5/56      AC:  7    Str: 18    XL:     6   Next: 74%
Magic:  5/5        EV: 11    Int:  7    God:
Gold:   185        SH:  0    Dex: 12    Spells: 5/5 levels left

rFire   . . .        a - +0 falchion
rCold   . . .        (no shield)
rNeg    . . .        g - +0 scale mail
rPois   .            (helmet restricted)
rElec   .            (no cloak)
rCorr   .            (no gloves)
SInv    .            (no boots)
Will    .....        (no amulet) Stlth
                     (no ring)
HPRegen 0.29/turn    (no ring)
MPRegen 0.09/turn

%: no passive effects
@: no status effects
A: horns 2, retaliatory headbutt
a: no special abilities


You were on level 4 of the Dungeon.
You visited 1 branch of the dungeon, and saw 4 of its levels.

You collected 185 gold pieces.

Inventory:

Hand Weapons
 a - a +0 falchion (weapon)
Armour
 g - a +0 scale mail (worn)
Jewellery
 d - a ring of ice
Scrolls
 b - 3 scrolls of teleportation {unknown}
 e - 4 scrolls of identify {unknown}
 h - a scroll of fog {unknown}
 i - a scroll of revelation {unknown}
 j - a scroll of amnesia {unknown}
 k - a scroll of acquirement {unknown}
Potions
 c - a potion of ambrosia
 f - a potion of mutation {unknown}


   Skills:
 + Level 5.2 Fighting
 + Level 5.9 Long Blades
 + Level 4.1 Armour
 + Level 4.6 Dodging
 + Level 1.1 Stealth


You had 5 spell levels left.
You didn't know any spells.
Your spell library contained the following spells:

 Spells                   Type           Power      Damage    Failure   Level
 Necrotise                Necr           0%         1d4       80%         1
 Summon Guardian Golem    Hex/Summ       0%         N/A       99%         3
 Vampiric Draining        Necr           0%         2d6       99%         3
 Agony                    Necr           0%         N/A       100%        5
 Orb of Destruction       Conj           0%         9d5       100%        7
 Spellforged Servitor     Conj/Summ      0%         N/A       100%        7


Dungeon Overview and Level Annotations

Branches:
Dungeon (4/15)
 Temple: D:4-7

Altars:

Shops:
D:3 !


Innate Abilities, Weirdness & Mutations

You have a pair of horns on your head.
You reflexively headbutt those who attack you in melee.


Message History

* * * LOW HITPOINT WARNING * * *
You barely miss something. You punch something.
You hear some strange, mumbled words.
A magic dart appears from out of thin air!
The magic dart hits you.
* * * LOW HITPOINT WARNING * * *
You barely miss something. Something hits you but does no damage.
You hit something. You headbutt something.
Reactivating autopickup.
You feel a bit more experienced.
Things that are here:
a +0 dagger; a +0 robe; an orc corpse An iguana comes into view.
Found a leather armour.
The iguana hisses angrily.
You barely miss the iguana. Your punch misses the iguana.
The iguana barely misses you.
You hit the iguana but do no damage. You headbutt the iguana!
The iguana is heavily wounded.
The iguana closely misses you.
You hit the iguana.
You headbutt the iguana, but do no damage.
The iguana is heavily wounded.
The iguana bites you but does no damage.
You hit the iguana but do no damage.
The iguana is heavily wounded.
The iguana bites you.
* * * LOW HITPOINT WARNING * * *
You closely miss the iguana.
The iguana is heavily wounded.
The iguana bites you but does no damage.
You hit the iguana.
The iguana is almost dead.
The iguana bites you.
* * * LOW HITPOINT WARNING * * *
You hit the iguana. Your headbutt misses the iguana.
The iguana is almost dead.
The iguana hisses menacingly.
The iguana bites you!
You die...

#.#.#####..?# ............#
#.#.....†...#
#.#.##.))...######
#.......).........
###.##.))...######..
##.##........l..[# ####..
###.#.#l####.# ##....#
#.....@.....# #########
##..##.# #).#.#.######
#....<... .......## #.....##
#.####### .##.##..# #..#.## #.#
##.(.##.###.....# #.#
#.###.#.........# #.#
#..}..#.......>.#.### #.#
#.###.#.###.####.....####.#####
##...##...........##..........#


You could see an iguana.

Vanquished Creatures
  A centaur (D:4)
  A phantom (D:4)
  A jelly (D:4)
  An orc priest (D:4)
  4 orc wizards
  A gnoll (D:4)
  4 adders
  A worm (D:2)
  3 dart slugs
  9 orcs
  2 ball pythons
  2 bats
  6 endoplasms
  2 giant cockroaches
  6 goblins
  7 hobgoblins
  9 jackals
  3 quokkas
  3 frilled lizards
  8 kobolds
  4 rats
78 creatures vanquished.

Notes
Turn   | Place    | Note
-------+----------+-------------------------------------------
     0 | D:1      | Locuples the Minotaur Monk began the quest for the Orb.
     0 | D:1      | Reached XP level 1. HP: 19/19 MP: 0/0
    96 | D:1      | Reached XP level 2. HP: 12/27 MP: 1/1
   587 | D:1      | Reached XP level 3. HP: 33/33 MP: 2/2
  1786 | D:3      | Reached XP level 4. HP: 22/41 MP: 3/3
  1796 | D:3      | Reached skill level 1 in Armour
  1967 | D:3      | Found Ufaota's Distillery.
  2654 | D:4      | Reached XP level 5. HP: 44/47 MP: 4/4
  2666 | D:4      | Noticed a phantom
  2685 | D:4      | Killed a phantom
  2686 | D:4      | Reached skill level 5 in Long Blades
  2707 | D:4      | Reached skill level 1 in Stealth
  2707 | D:4      | Reached XP level 6. HP: 20/55 MP: 5/5
  2712 | D:4      | Reached skill level 5 in Fighting
  3058 | D:4      | Slain by an iguana

Illustrated notes

Levels and vault maps discovered:
D:1:      onia_arrival_mini_spirals, layout_rooms, serial_forest,
          infiniplex_forest_straight_1, infiniplex_forest_lined_2,
          infiniplex_forest_end_2, infiniplex_forest_clump_small,
          infiniplex_forest_clump_curved, infiniplex_forest_clump_small,
          minmay_tromino_v4_c
D:2:      minmay_skewed_foursquare, layout_basic, chequers_avenue,
          kennysheep_big_empty_room, minmay_box_of_dots
D:3:      layout_loops_corners, serial_shops, nicolae_shop_behind_doors
D:4:      layout_loops_ring, minmay_checkerbox

Skill      XL: |  1  2  3  4  5  6 |
---------------+-------------------+-----
Long Blades    | 4 5 |  5.9
Fighting       | 4 5 |  5.2
Dodging        | 4 |  4.6
Armour         | 1 3 4 |  4.1
Stealth        | 1 |  1.1

Action                     |  1- 3 |  4- 6 || total
---------------------------+-------+-------++-------
  Melee: Falchion          |   101 |   136 ||   237
         Headbutt          |    17 |    20 ||    37
         Punch             |       |     1 ||     1
 Armour: Ring mail         |     7 |       ||     7
         Scale mail        |    36 |    55 ||    91
  Dodge: Dodged            |    66 |    79 ||   145

Table legend: (Time is in decaauts)
 A = Elapsed time spent in this place.
 B = Non-inter-level travel time spent in this place.
 C = Inter-level travel time spent in this place.
 D = Time resting spent in this place.
 E = Time spent auto-exploring this place.
 F = Levels seen in this place.
 G = Mean time per level.
                   A        B        C        D        E       F      G
               +--------+--------+--------+--------+--------+-----+--------+
         Total |   3071 |   2991 |     80 |    245 |   2122 |   4 |  767.8 |
       Dungeon |   3071 |   2991 |     80 |    245 |   2122 |   4 |  767.8 |
               +--------+--------+--------+--------+--------+-----+--------+

Top non-repeatable levels by time:
     D:3: 1008 daAuts
     D:1: 828 daAuts
     D:2: 807 daAuts
     D:4: 426 daAuts
